 Dungeon Crawl Stone Soup version 0.27.1-2-g3b301248ec (webtiles) character file.

Game seed: 11287686343789171787

112 CuBeRJAN3 the Digger (level 4, -3/27 HPs)
             Began as a Gargoyle Earth Elementalist on Oct 3, 2021.
             Was an Initiate of Ru.
             Killed from afar by Blork the orc (4 damage)
             ... with a magic dart
             ... on level 4 of the Dungeon.
             The game lasted 00:25:07 (4589 turns).

CuBeRJAN3 the Digger (Gargoyle Earth Elementalist)  Turns: 4589, Time: 00:25:08

Health: -3/27      AC:  9    Str: 11    XL:     4   Next: 95%
Magic:  7/7        EV: 12    Int: 17    God:    Ru [......]
Gold:   130        SH:  0    Dex: 10    Spells: 0/7 levels left

rFire    . . .     SeeInvis .   l - +0 dagger
rCold    . . .     Faith    .   (no shield)
rNeg     + . .     Spirit   .   b - +0 robe
rPois    ∞         Reflect  .   (no helmet)
rElec    +         Harm     .   (no cloak)
rCorr    .         Rampage  .   r - +0 pair of gloves
Will     .....                  j - +2 pair of boots
Stlth    ++........             (no amulet)
HPRegen  0.09/turn              (no ring)
MPRegen  0.10/turn              (no ring)

@: no status effects
A: sickness immunity, AC +3, negative energy resistance 1, electricity
resistance, torment resistance 1, petrification resistance
a: Renounce Religion


You were on level 4 of the Dungeon.
You worshipped Ru.
Ru was noncommittal.
You visited 1 branch of the dungeon, and saw 4 of its levels.

You collected 130 gold pieces.

Inventory:

Hand Weapons
 l - a +0 dagger (weapon)
Missiles
 g - 7 poisoned darts
 h - 80 bolts
 m - 20 stones
 q - 17 arrows
 t - 5 boomerangs
Armour
 b - a +0 robe (worn)
 j - a +2 pair of boots (worn)
 r - a +0 pair of gloves (worn)
Magical Staves
 n - a staff of air
Scrolls
 c - a scroll of amnesia {unknown}
 d - a scroll of vulnerability {unknown}
 e - 3 scrolls of identify
 i - a scroll of summoning {unknown}
 k - a scroll of acquirement {unknown}
 o - 2 scrolls of teleportation {unknown}
 p - a scroll of noise {unknown}
 s - a scroll of silence {unknown}
Potions
 a - a potion of mutation {unknown}
 f - 4 potions of curing


   Skills:
 * Level 2.3 Fighting
 + Level 0.3 Short Blades
 + Level 2.0 Dodging
 * Level 3.1 Stealth
 * Level 2.4 Spellcasting
 + Level 0.5 Conjurations
 + Level 1.4 Transmutations
 + Level 4.0 Earth Magic


You couldn't memorise any spells.
You knew the following spells:

 Your Spells              Type           Power      Damage    Failure   Level
a - Sandblast             Erth           30%        2d9       3%          1
b - Passwall              Tmut/Erth      9%         N/A       10%         2
c - Stone Arrow           Conj/Erth      18%        3d8       22%         3
d - Magic Dart            Conj           12%        1d3       16%         1

Your spell library contained the following spells:

 Spells                   Type           Power      Damage    Failure   Level
 Call Imp                 Summ           2%         N/A       28%         2
 Slow                     Hex            2%         N/A       28%         2
 Mephitic Cloud           Conj/Pois/Air  2%         N/A       45%         3
 Confusing Touch          Hex            2%         N/A       50%         3
 Petrify                  Tmut/Erth      11%        N/A       52%         4
 Yara's Violent Unravell  Hex/Tmut       2%         3d3       98%         5


Dungeon Overview and Level Annotations

Branches:
Dungeon (4/15)
 Temple: D:4-7

Altars:
Ru
Zin

Annotations:
D:4 Blork the orc


Innate Abilities, Weirdness & Mutations

You are immune to sickness and miasma.
Your stone body is resilient. (AC +3)
You are immune to poison.
You resist negative energy. (rN+)
You are resistant to electric shocks. (rElec)
You are resistant to unholy torment.
You are immune to petrification.


Message History

Blork the orc comes into view.
He is wielding a +0 glaive.
Blork the orc shouts!
Blork the orc gestures wildly while chanting.
Blork the orc seems to speed up.
Blork the orc looks braver for a moment.
Items here: )) ††.
There is a stone staircase leading down here.
Blork the orc looks satisfied for a moment.
Blork the orc begins to cast a cantrip, but forgets the words!
Blork the orc hits you from afar with a +0 glaive.
Blork the orc barely misses you. Blork the orc closely misses you.
Blork the orc casts a cantrip, but nothing happens.
Blork the orc casts a spell at you.
The puff of frost hits you but does no damage.
Blork the orc points at you and mumbles some strange words.
The puff of frost hits you!
Blork the orc looks braver for a moment.
Blork the orc casts a spell at you. The puff of flame misses you.
Blork the orc points at you and mumbles some strange words.
The puff of flame hits you.
Blork the orc points at you and mumbles some strange words.
The magic dart hits you!
* * * LOW HITPOINT WARNING * * *
Blork the orc points at you and mumbles some strange words.
The magic dart hits you.
* * * LOW HITPOINT WARNING * * *
Blork the orc casts a spell at you. The puff of frost misses you.
Blork the orc is no longer moving quickly.
Blork the orc screams, "I'll drink your blood!
Soon!"
Blork the orc gestures at you while chanting.
The puff of frost hits you.
* * * LOW HITPOINT WARNING * * *
Blork the orc casts a spell.
Blork the orc seems to speed up.
Blork the orc points at you and mumbles some strange words.
The magic dart hits you.
You die...

#.# #.# ##.### ###
#....#### #>.##...##.<#
#...#...#...#
#..#...#'.##
#####.@...##### #
#.............# ######
#......♣......#
.....######.............#
..........o.###.....#####
.############.'#...#..#
.# #...#...#...# o##
#>.##...##.<# .[#
#####....# #


You could see Blork the orc (fast).

Vanquished Creatures
  A centaur skeleton (D:4)
  A dart slug (D:1)
  6 orcs
  4 endoplasms
  4 giant cockroaches
  5 hobgoblins
  9 kobolds
  3 quokkas
  8 ball pythons
  7 bats
  A frilled lizard (D:1)
  11 goblins
  11 rats
71 creatures vanquished.

Vanquished Creatures (others)
  A fungus (D:1)
  6 plants (D:3)
7 creatures vanquished.

Grand Total: 78 creatures vanquished

Notes
Turn   | Place    | Note
-------+----------+-------------------------------------------
     0 | D:1      | CuBeRJAN3 the Gargoyle Earth Elementalist began the quest
                  | for the Orb.
     0 | D:1      | Reached XP level 1. HP: 10/10 MP: 3/3
   289 | D:1      | Reached skill level 1 in Transmutations
   289 | D:1      | Reached XP level 2. HP: 16/16 MP: 1/5
   294 | D:1      | Reached skill level 1 in Fighting
   673 | D:1      | Learned a level 2 spell: Passwall
   782 | D:1      | Reached XP level 3. HP: 21/21 MP: 2/6
   891 | D:1      | Found a faded altar of an unknown god.
  1136 | D:1      | Learned a level 3 spell: Stone Arrow
  3132 | D:3      | Found a sacrificial altar of Ru.
  3139 | D:3      | Became a worshipper of Ru the Awakened
  3295 | D:4      | Noticed a black bear
  3390 | D:3      | Reached XP level 4. HP: 26/26 MP: 7/7
  3395 | D:3      | Learned a level 1 spell: Magic Dart
  4044 | D:3      | Found a glowing silver altar of Zin.
  4131 | D:3      | Reached skill level 4 in Earth Magic
  4538 | D:4      | Noticed Blork the orc
  4587 | D:4      | HP: 1/27 [Blork the orc/puff of frost (5)]
  4589 | D:4      | Killed from afar by Blork the orc

Illustrated notes

Levels and vault maps discovered:
D:1:      psy_arrival_spokes, layout_basic,
          shapermc_ecumenical_altar_mp_ritualfount, minivault_11
D:2:      layout_basic, minmay_pentomino_v4
D:3:      layout_basic, mainiacjoe_overflow_chevrons, nicolae_ru_awakened_eye,
          chequers_serial_rivers_small_a
D:4:      layout_cave_pods, mainiacjoe_overflow_surrounded_room,
          cheibrodos_sewer_entry_bend, grunt_ministairs_6, uniq_blork_the_orc

Skill      XL: |  1  2  3  4 |
---------------+-------------+-----
Transmutations | 1 |  1.4
Fighting       | 1 2 |  2.3
Dodging        | 2 |  2.0
Earth Magic    | 4 |  4.0
Stealth        | 3 |  3.1
Short Blades   | |  0.3
Spellcasting   | |  2.4
Conjurations   | |  0.5

Action                   |  1- 3 |  4- 6 || total
-------------------------+-------+-------++-------
Melee: Unarmed           |   104 |       ||   104
       Dagger            |    22 |    56 ||    78
 Cast: Sandblast         |    42 |     3 ||    45
       Passwall          |     2 |       ||     2
       Magic Dart        |       |    40 ||    40
  Use: Scroll            |     1 |       ||     1
 Stab: Sleeping          |     3 |       ||     3
Armor: Robe              |    51 |    43 ||    94
Dodge: Dodged            |    88 |    55 ||   143
